Map: 10000 Feet LE

Players

Wind - Winner!

  • Race: Terran Terran
  • League: Gold
  • Spawn Location: 5:00

SCIInewby

  • Race: Protoss Protoss
  • League: Master
  • Spawn Location: 11:00

VOD

Have the link to the VOD?

Description

Time

  • Played on: Feb. 11, 2026, 1:50 p.m.
  • Length: 16:38
Show
View Real Time Build Order
Export as new Build Order

Wind Terran - Winner!

Build Orders:  

Get SALT Encoding   

  12  0:00  SCV  
  13  0:15  Supply Depot  
  13  0:17  SCV  
  14  0:25  Refinery  
  14  0:31  SCV  
  15  0:42  Barracks  
  15  0:46  SCV  
  16  0:56  Supply Depot  
  16  0:58  SCV  
  17  1:12  SCV  
  18  1:24  SCV  
  19  1:30  Marine  
  20  1:35  Bunker  
  20  1:37  SCV  
  21  1:53  Marine  
  22  1:54  SCV  
  22  1:55  Refinery  
  23  2:03  Factory  
  23  2:10  SCV  
  24  2:19  Command Center  
  24  2:22  SCV  
  25  2:29  Marine  
  26  2:42  Supply Depot  
  26  2:46  Marine  
  27  2:55  SCV  
  27  2:57  Factory Tech Lab  
  28  3:04  Starport, Marine  
  29  3:07  SCV  
  30  3:17  Siege Tank  
  33  3:21  SCV  
  33  3:22  Marine  
  35  3:40  Marine  
  33  3:58  Marine  
  34  4:10  SCV  
  34  4:11  SCV  
  34  4:13  Siege Tank  
  39  4:19  Supply Depot  
  39  4:22  SCV  
  39  4:23  SCV  
  41  4:27  Bunker  
  41  4:28  Liberator  
  44  4:34  SCV  
  44  4:35  SCV  
  46  4:42  Engineering Bay  
  46  4:46  SCV  
  46  4:47  SCV  
  48  4:55  Supply Depot  
  48  4:58  SCV  
  41  5:09  Siege Tank  
  44  5:17  Sensor Tower  
  44  5:41  Siege Tank  
  47  5:43  Missile Turret  
  44  6:28  SCV  
  44  6:31  Siege Tank  
  44  6:32  Marine  
  49  6:40  SCV  
  50  6:50  Marine  
  50  6:52  SCV  
  50  6:53  Supply Depot  
  52  6:59  Supply Depot  
  52  7:03  Siege Tank  
  52  7:04  Liberator, SCV  
  52  7:08  Marine  
  60  7:10  Orbital Command  
  59  7:26  Marine  
  60  7:30  SCV  
  60  7:35  Refinery  
  60  7:36  Siege Tank  
  64  7:40  Refinery  
  64  7:43  SCV  
  64  7:44  Marine  
  65  7:46  SCV  
  65  7:47  Liberator  
  70  7:55  SCV  
  71  7:58  SCV  
  72  8:07  SCV  
  72  8:09  Armory  
  72  8:10  SCV  
  74  8:15  Starport  
  74  8:40  Missile Turret  
  74  8:52  Starport  
  74  9:00  Missile Turret  
  74  9:10  Starport Reactor  
  74  9:12  Starport Reactor  
  74  9:15  Widow Mine  
  74  9:16  Drilling Claws  
  76  9:19  Hi-Sec Auto Tracking  
  76  9:20  Missile Turret  
  76  9:27  Armory, Terran Ship Weapons Level 1  
  76  9:34  Supply Depot  
  76  9:36  Widow Mine  
  78  9:42  Starport Reactor  
  78  9:47  Missile Turret  
  78  9:49  Starport  
  78  9:52  Medivac  
  80  9:53  Viking  
  80  9:55  Viking x2  
  80  9:56  Supply Depot  
  80  9:57  Widow Mine  
  88  10:08  Missile Turret  
  84  10:19  Widow Mine  
  84  10:20  Supply Depot  
  86  10:35  Smart Servos  
  86  10:36  Missile Turret  
  86  10:45  Supply Depot  
  86  11:07  Supply Depot  
  86  11:15  Command Center  
  86  11:20  Missile Turret  
  86  11:24  Missile Turret  
  86  11:31  Supply Depot  
  86  11:40  Starport Reactor, Viking x3  
  86  11:41  Viking x3  
  86  11:44  Terran Vehicle And Ship Armor Level 1  
  86  11:46  Terran Ship Weapons Level 2  
  98  11:47  Missile Turret  
  98  11:49  Neosteel Armor  
  98  11:53  Supply Depot  
  98  12:01  Refinery  
  91  12:09  Bunker  
  91  12:10  Viking  
  91  12:11  Barracks Reactor  
  91  12:15  Viking x5, Supply Depot  
  103  12:31  Missile Turret  
  103  12:38  Supply Depot  
  103  12:40  Viking  
  103  12:41  Missile Turret  
  105  12:45  Viking  
  110  12:51  Siege Tank  
  110  12:52  Missile Turret  
  110  12:55  Planetary Fortress  
  110  13:01  Supply Depot  
  110  13:02  Bunker  
  110  13:03  SCV  
  112  13:11  Missile Turret  
  112  13:14  Orbital Command  
  112  13:15  SCV  
  112  13:23  Supply Depot, Siege Tank  
  115  13:27  SCV  
  116  13:40  Marine  
  116  13:41  Marine  
  118  13:46  Supply Depot  
  118  13:50  Viking x2  
  118  13:51  Viking x6  
  134  13:58  Marine x2  
  136  14:08  SCV  
  137  14:16  Marine x2  
  138  14:20  SCV  
  125  14:32  SCV  
  125  14:34  Marine x2  
  128  14:44  SCV  
  129  14:48  Bunker  
  129  14:56  SCV  
  129  14:59  Siege Tank  
  132  15:29  SCV, Refinery  
  132  15:31  Siege Tank  
  136  15:41  SCV  
  137  15:53  SCV  
  137  15:56  Missile Turret  
  138  16:05  SCV  
  139  16:17  SCV  
  138  16:19  Missile Turret  
Show
View Real Time Build Order
Export as new Build Order

SCIInewby Protoss 

Build Orders:  

Get SALT Encoding   

  12  0:03  Probe  
  13  0:15  Probe  
  13  0:18  Pylon  
  14  0:28  Probe  
  15  0:36  Probe  
  15  0:38  Gateway  
  16  0:44  Probe  
  17  0:54  Probe  
  18  1:01  Gateway  
  18  1:05  Assimilator  
  18  1:07  Probe  
  19  1:19  Gateway  
  19  1:24  Pylon  
  19  1:33  Probe  
  19  1:38  Zealot  
  22  1:45  Probe  
  22  1:46  Pylon  
  23  1:52  Zealot  
  25  2:04  Cybernetics Core  
  25  2:10  Zealot  
  25  2:13  Zealot  
  25  2:15  Pylon  
  29  2:28  Zealot  
  31  2:40  Zealot x2  
  31  2:42  Warp Gate  
  35  2:58  Zealot  
  35  3:19  Nexus  
  35  3:28  Zealot  
  35  3:30  Zealot  
  39  3:38  Zealot  
  29  4:09  Pylon  
  29  4:32  Forge, Zealot, Stalker  
  29  4:33  Pylon, Stalker  
  35  4:39  Probe x2  
  35  4:41  Twilight Council  
  37  4:47  Probe  
  24  5:08  Stalker, Zealot  
  24  5:09  Zealot  
  30  5:15  Probe x2  
  30  5:16  Pylon  
  32  5:27  Probe  
  33  5:31  Stalker x2  
  33  5:33  Probe  
  36  5:41  Stalker  
  34  5:52  Photon Cannon  
  34  5:55  Photon Cannon  
  34  6:03  Stalker  
  36  6:15  Stalker  
  36  6:16  Stalker  
  40  6:18  Charge  
  40  6:26  Probe x2  
  40  6:38  Shield Battery, Probe x2  
  42  6:45  Stalker  
  42  6:46  Stalker  
  36  6:50  Probe x2  
  36  6:53  Gateway  
  38  7:12  Stalker  
  40  7:19  Assimilator  
  36  7:27  Photon Cannon x2  
  36  7:30  Photon Cannon  
  36  7:31  Photon Cannon  
  36  7:35  Pylon  
  36  7:38  Shield Battery  
  36  7:40  Pylon  
  36  7:44  Photon Cannon  
  36  7:46  Stalker  
  38  7:53  Probe x2  
  38  7:56  Assimilator  
  40  7:59  Assimilator  
  40  8:01  Probe  
  41  8:08  Zealot, Dark Shrine  
  41  8:12  Zealot, Probe  
  45  8:16  Probe  
  47  8:21  Zealot  
  47  8:24  Zealot  
  51  8:29  Probe x2  
  53  8:49  Zealot  
  53  8:50  Zealot x3  
  61  9:15  Probe  
  61  9:16  Probe  
  63  9:28  Probe  
  63  9:29  Gateway  
  63  9:30  Blink  
  63  9:31  Gateway  
  64  9:41  Dark Templar  
  64  9:42  Dark Templar x3  
  72  9:46  Probe  
  74  9:52  Probe  
  74  9:58  Probe  
  75  10:02  Shadow Stride  
  75  10:05  Probe  
  56  10:17  Protoss Shields Level 1, Zealot  
  56  10:18  Zealot x2  
  54  10:37  Pylon  
  54  10:38  Pylon  
  54  10:42  Zealot x3  
  56  10:43  Zealot x2  
  56  10:44  Gateway  
  64  11:06  Dark Templar  
  64  11:09  Nexus, Dark Templar  
  68  11:14  Zealot  
  70  11:30  Zealot  
  70  11:31  Zealot x2  
  76  11:34  Archon  
  76  11:36  Stalker  
  78  11:41  Stalker  
  78  11:57  Protoss Ground Weapons Level 1  
  58  12:07  Zealot  
  58  12:08  Zealot  
  52  12:10  Zealot x3  
  52  12:11  Zealot x2  
  52  12:14  Probe  
  52  12:15  Probe  
  64  12:27  Probe x2  
  66  12:35  Robotics Facility  
  66  12:36  Robotics Facility  
  66  12:40  Zealot  
  66  12:42  Zealot  
  70  12:45  Assimilator  
  70  12:47  Dark Templar  
  70  12:50  Dark Templar  
  74  12:55  Dark Templar  
  76  12:58  Dark Templar  
  76  13:03  Dark Templar  
  80  13:07  Dark Templar  
  80  13:12  Dark Templar  
  84  13:17  Archon x2  
  84  13:18  Archon  
  84  13:20  Dark Templar  
  86  13:36  Robotics Bay  
  86  13:37  Zealot  
  86  13:38  Zealot x3  
  94  13:42  Archon  
  94  13:44  Dark Templar  
  96  13:53  Protoss Shields Level 2  
  96  14:07  Zealot x2  
  96  14:08  Zealot x4  
  76  14:28  Zealot  
  76  14:29  Zealot x6  
  66  14:41  Immortal  
  70  14:50  Assimilator  
  70  14:53  Zealot  
  70  14:54  Zealot x3  
  74  15:10  Photon Cannon  
  74  15:12  Photon Cannon, Zealot x2  
  66  15:25  Zealot x3  
  66  15:35  Zealot x2  
  70  15:37  Zealot  
  70  15:41  Zealot  
  74  15:47  Probe x3  
  77  15:54  Disruptor  
  81  16:02  Stargate  
  78  16:11  Stalker  
Tags
 
Matchup
PvT
Replay Pack
vannon
Spawn Locations
Cross Positions
Add a new tag
Caveats
  • Supply blocks, unpowered buildings, or Contaminate may cause inaccurate times.
  • Supply counts are checked every 10 seconds.